 Dungeon Crawl Stone Soup version 0.17.0-28-g6e173f8 (webtiles) character file.

74 Raultor the Insei (level 4, 0/23 HPs)
             Began as a Vine Stalker Monk on Nov 22, 2015.
             Slain by a worm (4 damage)
             ... on level 2 of the Dungeon.
             The game lasted 00:03:26 (905 turns).

Raultor the Insei (Vine Stalker Monk)                Turns: 905, Time: 00:03:27

Health: 0/23       AC:  5    Str: 14    XL:     4   Next: 28%
Magic:  0/5        EV: 11    Int: 10    God:
Gold:   70         SH:  0    Dex: 17    Spells: 0 memorised, 3 levels left

rFire  . . .     SeeInvis .       - Unarmed
rCold  . . .     Clarity  .     h - +0 ring mail
rNeg   . . .     SustAt   +     (no shield)
rPois  .         Gourm    .     (no helmet)
rElec  .         Spirit   +     (no cloak)
rCorr  .         Warding  .     (no gloves)
rMut   .         Stasis   .     (no boots)
MR     .....                    (no amulet)
Stlth  ++........               (no ring)
                                a - ring of sustain attributes

@: not resistant to hostile enchantments, unstealthy
A: fangs 2, regeneration 1, magic shield, antimagic bite, no device heal 3, rot
immunity
a: no special abilities


You were on level 2 of the Dungeon.
You were not hungry.

You visited 1 branch of the dungeon, and saw 2 of its levels.

You collected 70 gold pieces.

Inventory:

Armour
 h - a +0 ring mail (worn)
Jewellery
 a - a ring of sustain attributes (left hand)
Scrolls
 c - a scroll of fog {unknown}
 d - 2 scrolls of random uselessness {unknown}
 i - a scroll of teleportation {unknown}
 j - 2 scrolls of enchant weapon {unknown}
 k - 3 scrolls of identify {unknown}
Potions
 e - a potion of invisibility
 l - a potion of might {unknown}
 m - a potion of curing {unknown}
 n - a potion of flight {unknown}
Comestibles
 b - 4 bread rations
 f - 8 chunks of flesh
 g - a slice of pizza


   Skills:
 - Level 2.6 Fighting
 * Level 1.0 Armour
 - Level 2.5 Dodging
 - Level 2.4 Stealth
 * Level 5.3 Unarmed Combat


You had 3 spell levels left.
You didn't know any spells.

Dungeon Overview and Level Annotations

Branches:
Dungeon (2/15)

Altars:


Innate Abilities, Weirdness & Mutations

You have extremely sharp teeth.
Your natural rate of healing is unusually fast.
When hurt, damage is shared between your health and your magic reserves.
Your bite disrupts and absorbs the magic of your enemies.
Potions and wands cannot restore your health.
You are immune to rotting.


Message History

Found a white potion.
The worm misses you.
You barely miss the worm. The worm bites you.
You punch the worm! You bite the worm. You drain its power.
You feel invigorated.
The worm is moderately wounded.
You hit the worm but do no damage. You bite the worm. You drain its power.
The worm is heavily wounded.
The worm bites you!
You hit the worm. Your bite misses the worm.
The worm is severely wounded.
Your ring mail prevents you from hitting the worm.
The worm is severely wounded.
The worm bites you!
* * * LOW HITPOINT WARNING * * *
You are too injured to fight recklessly!
Your ring mail prevents you from hitting the worm.
The worm is severely wounded.
The worm bites you.
You die...

.........######
#......##...#......
#......##...#......
.......##...#...... #..
..........(#...... ##...
..........(#......
.....##..........)......
......#w................
......#@.....#..........
..!...#......#......####
........##...######.#
.....#..##...# #.#
.....#..###+#######.#
.###................#
.###..#>###.#######.#
............# #.#
####..#..##.#######.#


You could see a worm.

Vanquished Creatures
  Ijyb (D:2)
  2 oozes
  A worm (D:2)
  2 giant geckos (D:2)
  4 bats (D:1)
  5 hobgoblins
  A ball python (D:1)
  2 giant cockroaches
  A giant newt (D:1)
  8 goblins
  6 kobolds
  A rat (D:1)
34 creatures vanquished.

Notes
Turn   | Place    | Note
--------------------------------------------------------------
     0 | D:1      | Raultor the Vine Stalker Monk began the quest for the Orb.
     0 | D:1      | Reached XP level 1. HP: 11/11 MP: 2/2
   140 | D:1      | Reached XP level 2. HP: 7/16 MP: 3/3
   511 | D:1      | Reached XP level 3. HP: 17/19 MP: 2/4
   844 | D:2      | Noticed Ijyb
   860 | D:2      | Killed Ijyb
   860 | D:2      | Reached skill level 1 in Armour
   860 | D:2      | Reached skill level 5 in Unarmed Combat
   860 | D:2      | Reached XP level 4. HP: 23/23 MP: 5/5
   905 | D:2      | Slain by a worm

Action                   |  1- 3 |  4- 6 || total
-------------------------+-------+-------++-------
Melee: Unarmed           |   100 |     9 ||   109
 Stab: Sleeping          |     7 |       ||     7
